AoeStats
← NDF

Arabia

509737671Analyzed
1v1 RM · 3d ago on Sep 27, 2026· 49m 11s· 2 players
Game mode
Random Map
Map size
Tiny (2 player)
Population
200
Speed
Normal
Resources
Standard
Victory
Conquest
Starting age
Dark Age
Ending age
Imperial Age
RankedLock teamsTeams togetherTeam positionsShared explorationLock speedFull tech treeHidden civsTurbo modeCheats
Victory
Defeat
🇨🇱 Japanese · Chile
643
+16
🇦🇷 Teutons · Argentina
642
-16
NDF
3:03 Loom
13:27 Feudal Age
14:28 Man-at-Arms
27:20 Castle Age
25:23 Double-Bit Axe
25:54 Horse Collar
27:33 Crossbowman
32:25 Scale Mail Armor
33:46 Fletching
34:32 Bow Saw
34:59 Gold Mining
37:03 Stone Mining
38:09 Arson
38:24 Squires
37:45 Pikeman
39:24 Stone Shaft Mining
40:25 Forging
46:09 Imperial Age
46:39 Halberdier
48:25 Iron Casting
47:57 Scale Barding Armor
47:53 Padded Archer Armor
49:01 Hoardings
Microbio_ubb
2:52 Loom
10:27 Feudal Age
11:08 Double-Bit Axe
11:11 Horse Collar
12:20 Wheelbarrow
13:11 Man-at-Arms
16:21 Forging
17:05 Scale Mail Armor
22:49 Castle Age
21:13 Gold Mining
23:44 Long Swordsman
25:08 Bow Saw
27:37 Hand Cart
30:42 Iron Casting
32:27 Gold Shaft Mining
33:35 Heavy Plow
34:41 Ballistics
39:37 Imperial Age
37:34 Chain Mail Armor
38:37 Gambesons
41:03 Two-Handed Swordsman
43:11 Coinage
45:28 Chemistry
44:56 Kataparuto
45:09 Light Cavalry
46:02 Bloodlines
46:31 Husbandry
46:38 Elite Samurai
47:22 Yasama
48:00 Hoardings
48:12 Champion
Connection lost

Rejoining the realm…

Still unreachable

The connection could not be restored.

Session expired

The server has moved on; the page needs a fresh start.